Map: Ever Dream LE

Players

DoM - Winner!

  • Race: Zerg Zerg
  • League: Master
  • Spawn Location: 7:00

Thaniri

  • Race: Terran Terran
  • League: Master
  • Spawn Location: 1:00

VOD

Have the link to the VOD?

Description

Time

  • Played on: Sept. 2, 2020, 8:51 p.m.
  • Length: 21:06
Show
View Real Time Build Order
Export as new Build Order

DoM Zerg - Winner!

Build Orders: Hatch First 

Get SALT Encoding   

  12  0:01  Drone  
  13  0:13  Overlord  
  13  0:17  Drone  
  14  0:32  Drone x2  
  16  0:36  Drone  
  17  0:54  Hatchery  
  17  0:57  Drone  
  17  0:59  Drone  
  18  1:13  Extractor  
  18  1:15  Spawning Pool  
  18  1:17  Drone  
  17  1:20  Drone  
  18  1:29  Drone  
  19  1:40  Drone  
  20  1:50  Overlord  
  20  2:02  Queen  
  20  2:05  Queen  
  20  2:07  Zergling x4  
  26  2:13  Drone  
  27  2:18  Metabolic Boost  
  27  2:22  Drone  
  28  2:28  Spore Crawler  
  27  2:31  Drone x2  
  29  2:42  Spore Crawler  
  29  2:43  Drone x2  
  32  2:52  Hatchery  
  32  2:53  Queen  
  32  2:57  Drone x2  
  35  3:04  Overlord  
  35  3:05  Drone  
  36  3:27  Drone x7  
  36  3:31  Overlord  
  43  3:40  Drone, Baneling Nest  
  43  3:44  Queen  
  43  3:46  Zergling x2  
  44  3:49  Zergling x2  
  45  3:57  Zergling x4  
  45  4:02  Queen  
  49  4:05  Overlord  
  49  4:06  Drone x3  
  49  4:07  Drone x2  
  54  4:19  Overlord, Queen  
  54  4:22  Spore Crawler  
  54  4:23  Spore Crawler  
  54  4:25  Drone  
  54  4:26  Drone x3  
  54  4:29  Overlord x3  
  58  4:38  Lair  
  58  4:48  Zergling x10  
  58  4:49  Zergling x6  
  58  4:51  Baneling  
  66  4:57  Drone x4  
  66  4:58  Drone x3  
  66  4:59  Spore Crawler  
  72  5:05  Baneling x2  
  72  5:07  Zergling x4  
  69  5:17  Zergling x2  
  69  5:18  Zergling x10  
  69  5:20  Queen  
  68  5:29  Drone x9  
  77  5:43  Overlord, Pneumatized Carapace  
  77  5:45  Evolution Chamber  
  77  5:46  Evolution Chamber, Drone x2  
  77  5:54  Drone  
  77  5:55  Drone x2  
  71  6:06  Drone x4  
  69  6:20  Drone x10  
  78  6:30  Extractor  
  78  6:32  Zerg Melee Weapons Level 1  
  77  6:33  Drone x4  
  77  6:35  Extractor  
  77  6:36  Extractor  
  79  6:40  Overseer  
  79  6:43  Drone x2  
  79  6:49  Spine Crawler  
  78  6:55  Drone x3  
  78  6:56  Drone  
  82  7:03  Overlord x2  
  82  7:05  Zergling x2  
  82  7:06  Zergling x8  
  87  7:13  Extractor  
  86  7:16  Drone  
  86  7:17  Zerg Ground Armor Level 1, Drone, Extractor  
  84  7:31  Drone x12  
  95  7:39  Spire  
  95  7:41  Overlord x2, Drone  
  94  7:46  Drone  
  95  7:52  Baneling  
  95  7:53  Centrifical Hooks, Baneling x2  
  95  7:54  Extractor  
  95  7:56  Spore Crawler  
  95  7:57  Hatchery  
  92  7:59  Drone, Extractor  
  92  8:00  Drone x10  
  100  8:08  Zergling x2  
  101  8:13  Hatchery  
  100  8:21  Baneling  
  100  8:23  Zergling x10  
  105  8:32  Zergling x2  
  105  8:33  Zergling x16  
  114  8:37  Baneling  
  114  8:38  Baneling x11  
  113  8:50  Zergling x12  
  117  8:58  Overseer  
  117  9:02  Zergling x14  
  121  9:14  Drone x2  
  123  9:18  Zergling x12  
  129  9:25  Hatchery  
  129  9:28  Unknown  
  129  9:30  Zerg Flyer Weapons Level 1  
  127  9:34  Baneling x5  
  127  9:35  Baneling x21  
  127  9:40  Zergling x26  
  140  9:52  Zergling x6  
  141  9:56  Overlord x3  
  141  9:57  Overlord x6  
  134  10:08  Mutalisk  
  134  10:09  Mutalisk x2  
  131  10:29  Zergling x2  
  131  10:30  Zergling x42  
  131  10:34  Baneling x15  
  146  10:39  Spawning Pool  
  112  10:51  Mutalisk  
  112  10:52  Mutalisk x10  
  125  10:59  Drone  
  125  11:00  Drone x6  
  125  11:03  Overlord x2  
  131  11:14  Mutalisk  
  131  11:15  Mutalisk x4  
  140  11:23  Drone  
  140  11:24  Drone x2  
  142  11:28  Hatchery  
  128  11:43  Zergling x20  
  128  11:44  Zergling x2  
  134  12:02  Hatchery  
  134  12:03  Mutalisk x4  
  134  12:04  Mutalisk  
  143  12:16  Baneling  
  143  12:17  Baneling x11  
  143  12:24  Baneling x10  
  142  12:30  Zergling x8  
  142  12:31  Zergling x2  
  146  12:39  Baneling x7  
  146  12:53  Zergling x4  
  146  12:54  Zergling x24  
  132  13:12  Zergling x2  
  132  13:13  Zergling x16  
  136  13:24  Baneling x19  
  136  13:32  Zergling x22  
  147  13:37  Baneling x11  
  147  13:38  Baneling  
  147  13:41  Lair  
  147  13:56  Mutalisk  
  147  13:57  Mutalisk x6  
  160  14:16  Drone x2  
  160  14:17  Drone x15  
  161  14:45  Zergling x6  
  141  14:46  Zergling x24  
  147  14:57  Zerg Ground Armor Level 2, Zerg Melee Weapons Level 2  
  147  15:06  Baneling  
  147  15:07  Baneling x27  
  147  15:08  Baneling x2  
  148  15:14  Zergling x22  
  148  15:15  Zergling x8  
  148  15:19  Hatchery, Extractor  
  160  15:22  Infestation Pit  
  160  15:24  Zergling x2, Extractor  
  160  15:25  Zergling x2  
  158  15:34  Zergling x4  
  158  15:35  Zergling x10  
  145  15:37  Baneling x2  
  145  15:38  Baneling x10  
  144  15:44  Zergling x12  
  149  15:51  Zergling x2  
  149  15:52  Zergling x8  
  149  15:56  Mutalisk x3  
  158  16:04  Zergling x2  
  158  16:05  Zergling x12  
  155  16:25  Hive  
  155  16:26  Zergling x4  
  155  16:27  Zergling x24  
  166  16:45  Zergling x2  
  166  16:46  Zergling x22  
  178  16:52  Baneling  
  178  16:53  Baneling x31  
  178  16:54  Baneling x3  
  178  16:58  Baneling x9  
  178  17:04  Drone  
  178  17:07  Overlord x4, Extractor  
  178  17:14  Hatchery  
  174  17:30  Zergling x36  
  174  17:31  Zergling x4  
  191  17:58  Viper x2  
  187  18:03  Adrenal Glands  
  187  18:04  Zerg Melee Weapons Level 3, Zerg Ground Armor Level 3  
  193  18:07  Ultralisk Cavern  
  149  18:39  Spore Crawler  
  144  18:47  Zergling x2  
  144  18:48  Zergling x50  
  166  18:50  Queen  
  172  18:56  Ultralisk x4  
  172  18:57  Chitinous Plating  
  193  19:28  Queen  
  195  19:32  Greater Spire  
  195  19:41  Drone x2  
  195  19:42  Drone x3  
  200  19:45  Baneling  
  200  19:46  Baneling x27  
  200  19:47  Baneling x21  
  200  19:48  Hatchery  
  200  19:53  Hatchery  
  200  19:56  Baneling x9  
  199  20:07  Ultralisk  
  194  20:16  Anabolic Synthesis  
  182  20:40  Zergling x18  
  182  20:41  Zergling x4  
Show
View Real Time Build Order
Export as new Build Order

Thaniri Terran 

Build Orders: Reaper Expand, Hellion Banshee 

Get SALT Encoding   

  12  0:00  SCV  
  13  0:12  SCV  
  14  0:17  Supply Depot  
  14  0:24  SCV  
  15  0:39  SCV  
  15  0:40  Barracks  
  16  0:45  Refinery  
  16  0:51  SCV  
  17  1:03  SCV  
  18  1:15  SCV  
  19  1:27  Reaper  
  19  1:28  Orbital Command  
  20  1:39  Command Center  
  20  1:49  Supply Depot  
  20  1:53  SCV  
  21  1:59  Marine  
  22  2:06  SCV  
  23  2:12  Factory  
  23  2:15  Refinery  
  23  2:21  Barracks Reactor  
  23  2:30  SCV  
  24  2:42  SCV  
  25  2:51  Orbital Command  
  25  2:54  SCV  
  26  3:01  Starport  
  30  3:05  Hellion  
  30  3:06  SCV, Hellion, Barracks Tech Lab  
  30  3:09  Supply Depot  
  31  3:19  SCV  
  32  3:26  SCV  
  37  3:27  Hellion x2  
  37  3:31  SCV  
  38  3:34  Supply Depot  
  38  3:38  SCV  
  39  3:43  SCV  
  39  3:48  Cloaking Field, Banshee  
  43  3:50  SCV, Hellion  
  43  3:55  SCV  
  47  3:56  Hellion  
  50  4:02  SCV  
  50  4:07  SCV  
  50  4:09  Armory  
  51  4:15  SCV, Hellion  
  52  4:17  Hellion  
  52  4:19  SCV  
  52  4:21  Supply Depot, Barracks Tech Lab  
  55  4:29  Supply Depot  
  55  4:30  SCV, Banshee  
  59  4:37  Supply Depot  
  59  4:41  Hellion, Stimpack, Marine  
  59  4:43  SCV, Hellion  
  65  4:54  SCV  
  65  4:55  SCV  
  65  4:58  Supply Depot  
  67  5:02  Hellion  
  67  5:05  Hellion  
  64  5:27  Barracks  
  56  5:28  Refinery, Barracks  
  56  5:29  Refinery  
  56  5:31  Starport Reactor, Command Center  
  56  5:36  SCV x2  
  56  5:38  Engineering Bay  
  56  5:39  Engineering Bay, Siege Tank  
  61  5:45  Marine  
  62  6:01  SCV  
  63  6:04  SCV  
  63  6:05  Marine  
  63  6:07  Terran Infantry Armor Level 1  
  63  6:08  Terran Infantry Weapons Level 1  
  63  6:11  Supply Depot, Barracks x2  
  59  6:12  Supply Depot  
  59  6:13  SCV  
  59  6:16  Siege Tank  
  61  6:19  SCV, Barracks Reactor  
  61  6:23  Marine  
  61  6:25  SCV, Combat Shield  
  64  6:27  Medivac  
  64  6:31  SCV  
  67  6:37  SCV  
  68  6:43  SCV  
  68  6:44  Bunker  
  68  6:46  Marine  
  70  6:47  Marine x2  
  70  6:53  SCV, Widow Mine  
  75  6:58  Barracks Reactor  
  75  7:00  Barracks Reactor  
  75  7:01  SCV  
  75  7:04  Marine  
  75  7:05  SCV, Marine x2  
  75  7:08  Marine x2  
  82  7:09  Medivac  
  82  7:13  SCV, Supply Depot  
  85  7:22  Marine  
  86  7:23  Marine x2  
  86  7:24  Drilling Claws  
  86  7:25  Widow Mine, Marine  
  86  7:26  SCV x2, Marine  
  86  7:29  Orbital Command  
  94  7:37  Marine x2  
  94  7:40  SCV, Marine  
  94  7:41  Marine  
  94  7:42  SCV  
  100  7:46  Marine x5  
  100  7:48  Widow Mine  
  107  8:00  Marine x2  
  107  8:02  Medivac x2  
  107  8:04  Factory  
  113  8:10  Terran Infantry Weapons Level 2  
  110  8:24  Marine x2  
  110  8:25  Terran Infantry Armor Level 2, Marine  
  113  8:27  SCV x3  
  116  8:39  SCV x3  
  116  8:51  SCV  
  116  8:54  Marine x6  
  123  8:59  Marine x2  
  123  9:00  Marine  
  126  9:08  Barracks x2  
  126  9:09  Widow Mine  
  128  9:10  Factory Reactor, Barracks  
  128  9:12  Marine x5  
  133  9:18  Supply Depot  
  133  9:19  Supply Depot  
  133  9:20  Supply Depot  
  133  9:21  Supply Depot  
  133  9:26  Terran Vehicle And Ship Armor Level 1  
  133  9:32  Refinery  
  133  9:39  SCV x3, Supply Depot x2, Marine, Medivac x2  
  141  9:52  SCV  
  142  10:01  Barracks Reactor, Barracks Tech Lab x2  
  142  10:03  Widow Mine x3  
  131  10:20  Marine  
  131  10:21  Marauder, Marine x6  
  134  10:22  Marine  
  134  10:24  Widow Mine  
  134  10:25  Widow Mine x2  
  134  10:28  Marauder, Marine  
  141  10:39  Orbital Command  
  119  10:57  Marine x2  
  117  11:11  Supply Depot  
  117  11:12  Supply Depot  
  117  11:13  Supply Depot x2  
  117  11:19  Command Center  
  117  11:31  Marauder  
  117  11:33  Marauder, Marine x4, Widow Mine  
  117  11:34  Widow Mine x2  
  117  11:38  Supply Depot  
  117  11:39  Supply Depot  
  127  11:40  Terran Infantry Armor Level 3  
  127  11:42  Terran Infantry Weapons Level 3  
  124  11:55  Widow Mine x2, Thor  
  114  12:04  Command Center  
  114  12:09  Missile Turret  
  114  12:11  Missile Turret  
  114  12:12  Missile Turret  
  114  12:13  Liberator  
  117  12:17  Missile Turret  
  117  12:20  Marine  
  117  12:21  Marine x6  
  124  12:27  Terran Vehicle Weapons Level 1  
  124  12:34  Marine  
  124  12:35  Marine  
  126  12:38  Marine x3  
  126  12:39  Marine x3, Thor  
  138  12:44  Marine  
  139  12:52  Marine  
  139  12:53  Marine  
  139  12:54  Missile Turret  
  139  12:56  Marine  
  142  13:00  SCV  
  134  13:08  Orbital Command  
  134  13:11  SCV  
  116  13:30  Marine  
  117  13:35  Missile Turret  
  117  13:39  Refinery x2  
  117  13:40  SCV x3  
  120  13:41  Thor  
  120  13:42  Marine, Widow Mine x2, Liberator x2  
  120  13:43  Marine x3  
  140  13:52  SCV x3  
  143  14:02  Missile Turret  
  143  14:07  Missile Turret  
  127  14:25  Widow Mine x2  
  127  14:29  SCV x2  
  133  14:38  Marauder, Marine x3  
  136  14:41  Missile Turret  
  118  14:55  Command Center  
  118  14:57  Marauder, Marine x2  
  122  15:00  Command Center  
  122  15:16  Missile Turret  
  122  15:17  Missile Turret  
  122  15:23  SCV  
  122  15:24  SCV, Marine  
  122  15:27  SCV  
  109  15:47  Thor, Liberator x2  
  109  15:48  Terran Vehicle Weapons Level 2  
  119  16:03  Widow Mine x2  
  123  16:16  Unknown, Command Center  
  114  16:25  Widow Mine x2  
  118  16:26  Planetary Fortress  
  118  16:28  Orbital Command  
  118  16:33  Bunker, Refinery  
  118  16:35  Missile Turret  
  118  16:40  Medivac  
  119  16:57  Widow Mine x2  
  119  16:58  Command Center  
  123  17:09  Widow Mine  
  123  17:11  Orbital Command, Marine  
  123  17:12  Marine x7  
  123  17:13  Marine  
  118  17:24  Marine x2  
  118  17:29  Marine  
  116  17:35  SCV x2  
  114  17:44  SCV  
  114  17:45  SCV x2  
  114  17:47  SCV x2  
  114  17:51  Marine x2  
  117  17:52  Marine  
  117  17:56  SCV  
  117  17:57  SCV x2  
  121  17:59  SCV x2  
  121  18:00  Marine x2  
  121  18:04  Marine x2  
  127  18:08  SCV  
  127  18:09  SCV  
  126  18:17  Marine  
  126  18:18  Marauder, Marine x2  
  131  18:22  Marine  
  129  18:31  Missile Turret  
  129  18:32  Marine  
  131  18:39  Marine x3  
  131  18:54  SCV x4  
  131  18:55  SCV  
  136  19:06  SCV  
  136  19:07  SCV x3  
  140  19:16  Planetary Fortress  
  140  19:24  Thor  
  140  19:25  Widow Mine x2  
  140  19:26  Refinery  
  150  19:33  SCV x4  
  150  19:34  SCV  
  155  19:45  SCV x3, Missile Turret  
  153  19:46  SCV  
  153  19:51  Missile Turret  
  156  19:54  Marine x7  
  156  19:55  SCV x2  
  156  19:57  SCV  
  156  19:58  SCV x2  
  168  20:09  Ghost Academy  
  168  20:19  Marine  
  168  20:20  Marauder  
  154  20:26  SCV  
  154  20:27  Marine x5  
  130  20:41  Orbital Command, Widow Mine x2  
  130  20:42  Marine x2  
  147  20:44  Marine x2  
Tags
 
Add a new tag
Caveats
  • Supply blocks, unpowered buildings, or Contaminate may cause inaccurate times.
  • Supply counts are checked every 10 seconds.